Map: Temple gelé

Players

Worming

  • Race: Zerg Zerg
  • League: Diamond

tazer - Winner!

  • Race: Zerg Zerg
  • League: Diamond

VOD

Have the link to the VOD?

Description

Time

  • Played on: June 30, 2016, 6:24 a.m.
  • Length: 12:28
Show
View Real Time Build Order
Export as new Build Order

Worming Zerg 

Build Orders: Hatch First 

Get SALT Encoding   

  12  0:01  Drone  
  13  0:13  Overlord  
  13  0:18  Drone  
  14  0:31  Drone x2  
  16  0:37  Drone  
  17  0:49  Drone  
  18  0:58  Drone  
  18  0:59  Hatchery  
  18  1:03  Extractor  
  17  1:14  Spawning Pool  
  16  1:29  Drone  
  16  1:30  Drone  
  18  1:35  Drone  
  19  1:43  Overlord  
  19  1:55  Drone  
  20  2:04  Queen  
  20  2:05  Zergling x2  
  23  2:12  Metabolic Boost  
  23  2:19  Queen  
  23  2:20  Zergling x2  
  23  2:22  Drone  
  27  2:36  Overlord  
  27  2:37  Drone x3  
  30  2:49  Queen  
  30  2:50  Spine Crawler  
  31  2:55  Baneling Nest  
  29  3:03  Drone x3  
  29  3:04  Drone  
  34  3:16  Overlord  
  34  3:17  Zergling x10  
  39  3:44  Baneling x2  
  39  3:46  Drone x7  
  46  3:53  Extractor  
  45  4:00  Lair  
  45  4:02  Evolution Chamber  
  45  4:05  Overlord  
  44  4:22  Baneling x3  
  38  4:56  Roach Warren  
  38  4:59  Drone x5, Extractor  
  41  5:01  Overlord x2  
  41  5:04  Zerg Missile Weapons Level 1  
  41  5:10  Queen  
  43  5:15  Zergling x14  
  43  5:16  Zergling x4  
  52  5:24  Hatchery  
  51  5:35  Glial Reconstitution  
  51  5:36  Roach x4  
  51  5:37  Zergling x6, Roach  
  51  5:39  Baneling  
  60  5:50  Roach x2  
  60  5:55  Baneling  
  60  5:56  Baneling  
  60  5:57  Baneling x2  
  62  5:59  Zergling x10  
  63  6:20  Roach x5  
  63  6:21  Baneling x2  
  73  6:29  Hatchery  
  73  6:30  Overlord x2  
  67  6:44  Spore Crawler  
  67  6:45  Spore Crawler, Hydralisk Den  
  60  6:50  Queen  
  60  6:52  Spore Crawler  
  60  6:53  Spore Crawler  
  53  6:54  Spore Crawler  
  47  7:07  Zerg Missile Weapons Level 2  
  47  7:09  Roach x3  
  47  7:12  Drone x2  
  53  7:22  Muscular Augments  
  45  7:25  Drone  
  46  7:39  Drone x5  
  51  8:07  Hydralisk x6  
  63  8:18  Hydralisk x2  
  69  8:34  Roach x6  
  69  8:37  Zergling x2  
  69  8:38  Zergling x2  
  81  8:44  Zergling x6  
  76  9:09  Hydralisk  
  66  9:10  Roach x3, Hydralisk x2  
  66  9:11  Roach  
  66  9:15  Baneling x4  
  76  9:17  Drone x2  
  76  9:32  Queen  
  76  9:33  Hydralisk x2  
  76  9:34  Hydralisk  
  77  9:50  Hydralisk  
  77  9:51  Hydralisk x2  
  81  9:55  Spore Crawler  
  74  10:09  Spore Crawler, Drone x4  
  77  10:16  Zergling x6  
  77  10:18  Drone x5  
  77  10:19  Drone  
  86  10:41  Baneling x6  
  86  10:54  Extractor  
  85  11:09  Infestation Pit  
  85  11:10  Drone x3  
  87  11:11  Drone, Extractor  
  87  11:12  Drone x2  
  87  11:16  Drone  
  90  11:22  Hatchery  
  52  11:36  Spore Crawler x2  
  52  11:38  Spore Crawler  
  49  11:43  Hydralisk  
  49  11:44  Roach, Hydralisk x4  
  49  11:45  Roach x5, Hydralisk x2  
  75  12:08  Hatchery  
Show
View Real Time Build Order
Export as new Build Order

tazer Zerg - Winner!

Build Orders: Hatch First, Muta Ling Bane 

Get SALT Encoding   

  12  0:01  Drone  
  13  0:08  Drone  
  14  0:17  Overlord  
  14  0:24  Extractor  
  14  0:25  Extractor  
  14  0:26  Drone  
  13  0:30  Drone  
  16  0:41  Drone  
  17  0:59  Hatchery  
  17  1:01  Drone  
  17  1:07  Drone  
  18  1:13  Extractor  
  17  1:20  Spawning Pool  
  17  1:22  Drone  
  17  1:25  Drone  
  17  1:30  Drone  
  19  1:38  Drone  
  20  1:50  Overlord  
  20  2:05  Drone  
  21  2:09  Queen  
  21  2:11  Queen  
  21  2:12  Zergling x4  
  27  2:22  Spine Crawler  
  27  2:25  Drone x2  
  28  2:32  Metabolic Boost  
  28  2:33  Drone  
  28  2:35  Drone  
  30  2:44  Drone x2  
  32  3:01  Drone x2  
  34  3:07  Baneling Nest, Extractor  
  34  3:08  Drone x2  
  34  3:15  Drone x2  
  36  3:21  Overlord x2  
  36  3:24  Lair  
  36  3:45  Drone x6  
  42  3:52  Drone  
  42  3:53  Drone x3  
  46  3:56  Baneling x4  
  46  4:02  Zergling x2  
  47  4:06  Queen  
  47  4:07  Zergling x2  
  50  4:15  Zergling x4  
  50  4:16  Zergling x4  
  51  4:26  Zergling x2  
  51  4:30  Overlord  
  51  4:32  Queen  
  45  4:47  Zergling x2  
  45  4:48  Zergling x10  
  51  4:56  Extractor x2  
  51  4:58  Drone x3  
  51  4:59  Spire  
  51  5:01  Baneling  
  51  5:02  Baneling  
  51  5:08  Drone x2  
  51  5:11  Drone  
  54  5:20  Hatchery  
  53  5:27  Zergling x6  
  53  5:28  Zergling x6  
  59  5:34  Baneling  
  59  5:35  Baneling x2  
  59  5:49  Zergling x2  
  57  5:50  Zergling x4  
  57  5:53  Baneling x3  
  57  5:55  Overlord x4  
  56  6:13  Mutalisk x6  
  68  6:20  Zerg Flyer Weapons Level 1  
  68  6:26  Queen  
  68  6:32  Zergling x2  
  70  6:33  Zergling x16  
  75  6:41  Mutalisk  
  75  6:43  Zergling x4  
  67  7:03  Drone  
  67  7:04  Drone x6  
  72  7:14  Drone x2  
  71  7:20  Queen  
  71  7:21  Drone  
  71  7:22  Drone x2  
  74  7:33  Mutalisk x5  
  74  7:35  Zergling x2  
  85  7:41  Extractor  
  85  7:42  Extractor  
  83  7:48  Mutalisk x2  
  83  7:50  Zergling x12  
  93  8:04  Overlord x4  
  93  8:12  Overlord x3  
  92  8:14  Zerg Flyer Armor Level 1  
  92  8:20  Centrifical Hooks  
  92  8:26  Drone  
  93  8:27  Drone x5  
  98  8:40  Drone x3  
  101  8:47  Zergling x10  
  106  8:50  Hatchery  
  106  8:51  Infestation Pit  
  106  8:55  Evolution Chamber  
  103  8:56  Evolution Chamber  
  103  8:58  Mutalisk x3  
  106  9:09  Mutalisk x5  
  103  9:15  Drone x2  
  113  9:29  Mutalisk x3  
  119  9:32  Zergling x2  
  119  9:33  Zergling x6  
  119  9:36  Hive  
  119  9:37  Drone x2  
  115  9:49  Zergling x2  
  115  9:50  Zergling x4  
  118  9:57  Drone x7  
  125  10:01  Extractor  
  125  10:02  Extractor  
  119  10:08  Mutalisk x4  
  127  10:18  Mutalisk x3  
  133  10:24  Zergling x16  
  133  10:25  Zergling x2  
  142  10:41  Overlord x4  
  140  10:46  Baneling x6  
  140  10:47  Baneling x7  
  140  10:50  Zergling x12  
  140  10:51  Zergling x4  
  148  11:07  Zergling x6  
  148  11:08  Zergling x16  
  135  11:34  Mutalisk x5  
  135  11:35  Mutalisk x4  
  144  11:51  Mutalisk x4  
  152  11:58  Zergling x12  
  158  12:05  Drone x4  
  163  12:27  Hatchery  
Tags
 
Add a new tag
Caveats
  • Supply blocks, unpowered buildings, or Contaminate may cause inaccurate times.
  • Supply counts are checked every 10 seconds.